Description

1.红点刷在上下轨道入口。 2.卫队刷在上下房子门口。如果有空军,则会先刷新,再被拉到后方。 详细信息:https://bbs.nga.cn/read.php?tid=17265336&forder_by=postdatedesc&rand=273

Build Order

Get SALT Encoding   

  1  4:00  Action  
  2  5:00  Action 上车  
  3  6:00  Action  
  4  7:00  Action  
  5  8:00  Action 下车  
  6  10:00  Action  
  7  11:00  Action 上车  
  8  12:00  Action 奖励  
  9  13:00  Action 左,进攻二矿  
  10  14:00  Action 双车  
  11  16:00  Action  
  12  17:00  Action 下车  
  13  19:00  Action  
  14  20:00  Action 双车  
  15  21:00  Action 奖励  
  16  22:00  Action 左,进攻二矿  
  17  23:00  Action 下车  
  18  24:00  Action  
  19  25:00  Action 上车  
Spawning Tool Build Advisor. Get it on Overwolf

Go to:

Details

  • Created by: DCpro
  • Published on: Aug 05, 2021
  • Modified on: Aug 07, 2021
  • Patch: 4.11.0
  • Difficulty: Medium
Show
View Real Time Build Order
Export as new Build Order

Comments (0)

There are no comments. Be the first!

Create an account to comment!